 Dungeon Sprint DCSS version 0.17-a0-1718-g72dbe4d (webtiles) character file.

2240 Kidiri the Covert (level 9, -3/39 HPs)
             Began as a Spriggan Enchanter on Aug 25, 2015.
             Was a Follower of Dithmenos.
             Slain by a tentacle (18 damage)
             ... attached to a kraken
             ... in the Dungeon (Sprint II: "The Violet Keep of Menkaure").
             The game lasted 00:09:00 (1144 turns).

Kidiri the Covert (Spriggan Enchanter)              Turns: 1144, Time: 00:09:01

Health: -3/39      AC:  6    Str:  4    XL:     9   Next: 14%
Magic:  15/25      EV: 30    Int: 18    God:    Dithmenos [*.....]
Gold:   225        SH:  0    Dex: 18    Spells: 8 memorised, 4 levels left

rFire  + . .     SeeInvis +     a - +1 dagger
rCold  + . .     Clarity  .     f - +1 robe {rC+ rF+}
rNeg   . . .     SustAt   .     (shield restricted)
rPois  .         Gourm    .     (helmet restricted)
rElec  .         Spirit   .     i - +2 cloak
rCorr  .         Warding  .     (gloves unavailable)
rMut   .         NoTele   +     (boots unavailable)
MR     +....                    (no amulet)
Stlth  ++++++++..               (no ring)
                                (no ring)

@: wreathed by umbra, very quick, somewhat resistant to hostile enchantments,
extraordinarily stealthy
A: unfitting armour, see invisible, herbivore 3, speed 3, slow metabolism 2
a: Renounce Religion


You were in the Dungeon.
You worshipped Dithmenos.
Dithmenos was aware of your devotion.
You were not hungry.

You visited 1 branch You collected 1197 gold pieces.
You spent 972 gold pieces at shops.

Inventory:

Hand weapons
 a - a +1 dagger (weapon)
Armour
 f - a +1 robe of resistance (worn)
 i - a +2 cloak (worn)
Scrolls
 j - a scroll of blinking
 p - a scroll of amnesia
 s - a scroll of recharging
Potions
 g - 2 potions of haste
 h - 4 potions of magic
 l - 3 potions of resistance {unknown}
 q - 3 potions of flight {unknown}
 r - a potion of heal wounds
 t - a potion of brilliance
Books
 c - a book of Maledictions

   Spells                             Type                      Level
   a - Corona                         Hexes                        1
   b - Ensorcelled Hibernation        Hexes/Ice                    2
   c - Confuse                        Hexes                        3
   d - Tukima's Dance                 Hexes                        3
   e - Dazzling Spray                 Conjuration/Hexes            3
 e - a book of Burglary

   Spells                             Type                      Level
   a - Swiftness                      Charms/Air                   2
   b - Passwall                       Transmutation/Earth          3
   c - Passage of Golubria            Translocation                4
   d - Lee's Rapid Deconstruction     Earth                        5
   e - Darkness                       Hexes                        6
   f - Invisibility                   Hexes                        6
Comestibles
 d - 7 bread rations
 m - 2 slices of pizza
 o - 4 fruits
 u - a royal jelly


   Skills:
 + Level 7.5 Short Blades
 * Level 13.5 Dodging
 * Level 14.9 Stealth
 * Level 11.6 Spellcasting
 + Level 3.5 Conjurations
 + Level 8.9 Hexes
 + Level 2.9 Transmutations
 + Level 3.9 Ice Magic
 + Level 2.0 Earth Magic
 + Level 1.9 Invocations


You had 4 spell levels left.
You knew the following spells:

 Your Spells              Type           Power        Failure   Level  Hunger
a - Corona                Hex            #####..      1%          1    None
b - Ensorcelled Hibernat  Hex/Ice        ####..       1%          2    None
c - Confuse               Hex            #####...     1%          3    None
d - Tukima's Dance        Hex            #####...     1%          3    None
e - Dazzling Spray        Conj/Hex       ####....     1%          3    None
f - Passwall              Trmt/Erth      ###.......   10%         3    None
g - Darkness              Hex            #####.....   30%         6    ######.
h - Invisibility          Hex            #####...     30%         6    ######.


Dungeon Overview and Level Annotations

Branches:
Dungeon (1/1)

Altars:
Cheibriados
Dithmenos
Elyvilon
Fedhas
Gozag
Kikubaaqudgha
Makhleb
Nemelex Xobeh
Okawaru
Qazlal
Ru
Sif Muna
Trog
Vehumet
Xom
Yredelemnul
Zin
The Shining One
Beogh
Jiyva
Lugonu

Shops:
D !?:=[[(((:%}![?=

Annotations:
D exclusion: oklob plant


Innate Abilities, Weirdness & Mutations

You are tiny and cannot use many weapons and most armour.
You have supernaturally acute eyesight.
You are a herbivore.
You cover ground extremely quickly.
You need consume almost no food.


Message History

The kraken easily resists.
The kraken completely misses you. The kraken completely misses you.
Casting: Confuse
Confirm with . or Enter, or press ? or * to list all spells.
Aiming: Confuse
Press: ? - help, Shift-Dir - straight line, f/p - kraken
Aim: a kraken (water, heavily wounded, umbra, chance to defeat MR: 33%)
The kraken easily resists.
Tentacles burst out of the water!
Casting: Confuse
Confirm with . or Enter, or press ? or * to list all spells.
Aiming: Dazzling Spray
Press: ? - help, Shift-Dir - straight line, f/p - kraken
Aim: a kraken (water, heavily wounded, umbra)
The spray of energy hits the kraken.
The kraken is heavily wounded.
The spray of energy misses the tentacle.
The kraken closely misses you. The tentacle slaps you!!
Ouch! That really hurt!
The tentacle slaps you!!
You die...

.*,k#§)▓..(.....▓▓,⌠,*,*,+≈,,≈+,*
.##.#=:▓.(..(..)▓▓,,,*,*,+≈,,≈+,*
...####▓((.....[▓▓,,,*,*,+≈,,≈+,*
#..##.#▓).[.[.%(▓▓,,,*,*,+≈,,≈+,*
+.^#.%#▓.(())...▓▓,,,*,*,+≈,,≈+,*
#^.#..#▓...(....▓▓,⌠,*,*,*≈,,≈*,*
#.%##.#▓[.)(....▓▓,,,*,*,*≈,,≈*,*
##.).##▓▓▓▓▓▓▓+▓▓▓▓+▓*,***≈,,≈***
.%≈≈≈≈≈≈≈≈≈≈≈≈..@Xw≈▓,,,,,,,,**
§§#+########+###www≈▓,,,,,,,**
.≈#_._.....#≈≈§##≈≈≈▓,,,,,,**
.≈#._._....#≈§§§####▓****≈**
≈≈#_._._...#≈≈≈§§#*,,*,,*≈*
≈≈#._._._..#≈≈§§§≈*,,*,,*≈*
≈≈#_._._.⌠.#≈§§§§§+,,+,,*≈*
≈≈#._._._..#≈§≈§≈≈*,,*,,*≈*
≈§#.._._._.*≈≈≈≈≈≈*,,*,,*≈*


You could see a kraken and 4 tentacles.

Vanquished Creatures
  A yaktaur (D)
  3 polar bears (D)
  2 boulder beetles (D)
  2 hippogriffs (D)
  Menkaure (D)
  A wasp (D)
  4 necrophages (D)
  A crocodile (D)
  4 brain worms (D)
  A scorpion (D)
20 creatures vanquished.

Vanquished Creatures (others)
  8 tentacles (D)
  157 tentacle segments (D)
165 creatures vanquished.

Grand Total: 185 creatures vanquished

Notes
Turn   | Place    | Note
--------------------------------------------------------------
     0 | D        | Kidiri the Spriggan Enchanter began the quest for the Orb.
     0 | D        | Reached XP level 1. HP: 9/9 MP: 5/5
     1 | D        | Noticed a necrophage
     1 | D        | Noticed a necrophage
     1 | D        | Noticed a necrophage
     1 | D        | Noticed a necrophage
    12 | D        | Killed a necrophage
    12 | D        | Reached skill level 6 in Dodging
    12 | D        | Reached skill level 7 in Stealth
    12 | D        | Reached skill level 5 in Spellcasting
    12 | D        | Reached skill level 5 in Hexes
    12 | D        | Reached XP level 2. HP: 13/13 MP: 5/9
    12 | D        | Reached XP level 3. HP: 16/16 MP: 6/11
    12 | D        | Reached XP level 4. HP: 21/21 MP: 6/12
    17 | D        | Killed a necrophage
    17 | D        | Reached skill level 9 in Stealth
    17 | D        | Reached XP level 5. HP: 24/24 MP: 6/15
    66 | D        | Killed a necrophage
    66 | D        | Reached skill level 10 in Stealth
    89 | D        | Killed a necrophage
    89 | D        | Reached skill level 5 in Short Blades
    89 | D        | Reached skill level 11 in Stealth
    89 | D        | Reached XP level 6. HP: 10/28 MP: 10/18
   100 | D        | Learned a level 2 spell: Ensorcelled Hibernation
   104 | D        | Learned a level 3 spell: Confuse
   108 | D        | Learned a level 3 spell: Tukima's Dance
   112 | D        | Learned a level 3 spell: Dazzling Spray
   288 | D        | Noticed a hippogriff
   288 | D        | Noticed a hippogriff
   291 | D        | Killed a hippogriff
   291 | D        | Reached skill level 10 in Dodging
   291 | D        | Reached skill level 1 in Conjurations
   291 | D        | Reached skill level 1 in Ice Magic
   298 | D        | Killed a hippogriff
   298 | D        | Reached skill level 12 in Stealth
   298 | D        | Reached XP level 7. HP: 32/32 MP: 18/20
   310 | D        | Noticed a brain worm
   313 | D        | Killed a brain worm
   314 | D        | Noticed a brain worm
   315 | D        | Killed a brain worm
   316 | D        | Noticed a brain worm
   316 | D        | Noticed a brain worm
   318 | D        | Killed a brain worm
   318 | D        | Reached skill level 10 in Spellcasting
   322 | D        | Killed a brain worm
   322 | D        | Reached skill level 13 in Stealth
   338 | D        | Noticed a boulder beetle
   338 | D        | Noticed a boulder beetle
   341 | D        | Killed a boulder beetle
   341 | D        | Reached XP level 8. HP: 36/36 MP: 23/23
   354 | D        | Killed a boulder beetle
   384 | D        | Noticed an orange crystal statue
   386 | D        | Noticed Menkaure
   387 | D        | Found Winor's Magic Scroll Boutique.
   388 | D        | Killed Menkaure
   388 | D        | Reached skill level 14 in Stealth
   405 | D        | Noticed an electric eel
   406 | D        | Noticed an electric eel
   406 | D        | Noticed an electric eel
   406 | D        | Noticed an electric eel
   406 | D        | Noticed an electric eel
   407 | D        | Noticed an electric eel
   409 | D        | Found Necimp's Jewellery Shop.
   410 | D        | Noticed a crocodile
   410 | D        | Found Teasch's Armour Boutique.
   415 | D        | Killed a crocodile
   420 | D        | Found Tuqeage's Gadget Shop.
   420 | D        | Found Uggateti's Distillery.
   422 | D        | Found Joingiolenk's Book Boutique.
   422 | D        | Found Amammer's Food Boutique.
   423 | D        | Noticed a scorpion
   425 | D        | Killed a scorpion
   429 | D        | Found Cofil's Weapon Shop.
   431 | D        | Found Itysukh's Antique Weapon Shop.
   432 | D        | Found Vyalacoibadd's Antique Weapon Shop.
   432 | D        | Found Odyihit's Antique Armour Boutique.
   433 | D        | Noticed a griffon
   436 | D        | Found Ykluem's Antique Armour Shop.
   436 | D        | Found Ryrefigo's Jewellery Boutique.
   436 | D        | Noticed a griffon
   436 | D        | Noticed a griffon
   436 | D        | Noticed an oklob plant
   437 | D        | Found Eruf's Magic Scroll Shop.
   437 | D        | Found Recsacia's Distillery.
   437 | D        | Found Ahucesun's Book Shoppe.
   439 | D        | Noticed a polar bear
   448 | D        | Noticed a soldier ant
   452 | D        | Noticed a soldier ant
   452 | D        | Noticed a polar bear
   455 | D        | Noticed a soldier ant
   462 | D        | Bought a book of Burglary for 825 gold pieces
   466 | D        | Learned a level 3 spell: Passwall
   473 | D        | Learned a level 6 spell: Darkness
   480 | D        | Learned a level 6 spell: Invisibility
   483 | D        | Bought an embroidered robe for 16 gold pieces
   483 | D        | Bought a glowing cloak for 103 gold pieces
   509 | D        | Bought a scroll of identify for 28 gold pieces
   553 | D        | Found a shadowy altar of Dithmenos.
   553 | D        | Found an opulent altar of Gozag.
   553 | D        | Found a sacrificial altar of Ru.
   554 | D        | Found a burning altar of Makhleb.
   554 | D        | Found a snail-covered altar of Cheibriados.
   554 | D        | Found a viscous altar of Jiyva.
   555 | D        | Found a bloodstained altar of Trog.
   555 | D        | Found a basalt altar of Yredelemnul.
   555 | D        | Found a blossoming altar of Fedhas.
   556 | D        | Found an ancient bone altar of Kikubaaqudgha.
   556 | D        | Found a roughly hewn altar of Beogh.
   556 | D        | Found a radiant altar of Vehumet.
   557 | D        | Found a white marble altar of Elyvilon.
   557 | D        | Found a shimmering altar of Xom.
   558 | D        | Found a deep blue altar of Sif Muna.
   558 | D        | Found a glowing golden altar of the Shining One.
   561 | D        | Noticed a polar bear
   563 | D        | Found a stormy altar of Qazlal.
   563 | D        | Found a corrupted altar of Lugonu.
   563 | D        | Found a sparkling altar of Nemelex Xobeh.
   563 | D        | Noticed a wasp
   564 | D        | Found an iron altar of Okawaru.
   564 | D        | Found a glowing silver altar of Zin.
   564 | D        | Noticed a yaktaur
   565 | D        | Became a worshipper of Dithmenos the Shadowed
   568 | D        | Noticed a polar bear
   577 | D        | Killed a yaktaur
   577 | D        | Reached skill level 1 in Transmutations
   583 | D        | Noticed a polar bear
   584 | D        | Killed a polar bear
   584 | D        | Reached skill level 1 in Earth Magic
   584 | D        | Reached skill level 1 in Invocations
   868 | D        | Noticed a swamp drake
   876 | D        | Killed a wasp
   883 | D        | Killed a polar bear
   883 | D        | Reached XP level 9. HP: 37/39 MP: 13/25
   888 | D        | Noticed a death drake
   904 | D        | Killed a polar bear
   989 | D        | Noticed a crocodile
   989 | D        | Noticed a kraken
  1131 | D        | Noticed a crocodile
  1144 | D        | Slain by a tentacle

Vault maps used:
D:        the_violet_keep_of_menkaure

Action                   |  1- 3 |  4- 6 |  7- 9 || total
-------------------------+-------+-------+-------++-------
Melee: Dagger            |     7 |    49 |    28 ||    84
 Cast: Corona            |       |     7 |       ||     7
       Ensorcelled Hiber |       |       |    12 ||    12
       Dazzling Spray    |       |       |    13 ||    13
       Confuse           |       |       |     8 ||     8
  Use: Potion            |     1 |     2 |     1 ||     4
       Scroll            |       |       |     6 ||     6
 Stab: Sleeping          |       |     2 |    11 ||    13
       Confused          |       |       |     4 ||     4
